 Dungeon Crawl Stone Soup version 0.32-a0-872-g59262bdc9b (webtiles) character file.

Game seed: 9552906304885791939

23557 Fractals the Brawler (level 12, -13/106 HPs)
             Began as a Red Draconian Shapeshifter on Mar 30, 2024.
             Was a Priest of Qazlal.
             Mangled by Rupert
             ... wielding a +3 great mace of pain
              (15 damage)
             ... on level 4 of the Lair of Beasts.
             The game lasted 00:27:03 (14161 turns).

Fractals the Brawler (Red Draconian Shapeshifter)  Turns: 14161, Time: 00:27:03

Health: -13/106    AC: 14    Str: 20    XL:     12   Next: 72%
Magic:  19/19      EV: 16    Int: 11    God:    Qazlal [***...]
Gold:   1985       SH:  3    Dex: 12    Spells: 11/11 levels left

rFire   + .          .
                       - Unarmed
rCold   . . .        (shield currently unavailable)
rNeg    . . .        (body armour unavailable)
rPois   .            (helmet restricted)
rElec   .            n - +1 cloak
rCorr   .            (no gloves)
SInv    .            (no boots)
Will    +....        (no amulet)
Stlth   +            t - ring of willpower
HPRegen 0.37/turn    z - +4 ring of protection
MPRegen 0.16/turn

%: no passive effects
@: flux-form, glowing
A: glow, contaminating, combustion breath, AC +8, unfitting armour, fire
resistance 1, cold-blooded
a: Combustion Breath, Begin Untransformation, Renounce Religion, Upheaval,
Elemental Force


You were on level 4 of the Lair of Beasts.
You worshipped Qazlal.
Qazlal was most pleased with you.
You were something dangerously unstable.
You visited 3 branches of the dungeon, and saw 15 of its levels.

You collected 1985 gold pieces.

Inventory:

Missiles
 o - 5 throwing nets (quivered)
Armour
 n - a +1 cloak (worn)
Jewellery
 e - a ring of protection from fire
 l - a ring of poison resistance
 m - a +5 ring of evasion
 t - a ring of willpower (left hand)
 w - a ring of wizardry
 x - a ring of wizardry
 z - a +4 ring of protection (right hand)
Talismans
 b - a beast talisman
 c - a flux talisman (active)
Wands
 f - a wand of acid (1)
 y - a wand of iceblast (5)
 B - a wand of mindburst (10)
Scrolls
 d - 3 scrolls of amnesia
 g - 3 scrolls of teleportation
 h - 6 scrolls of identify
 i - 8 scrolls of fog
 k - 4 scrolls of blinking
 v - a scroll of poison
Potions
 a - 8 potions of lignification
 j - a potion of haste
 p - a potion of might
 q - a potion of berserk rage
 r - 7 potions of curing
 s - 2 potions of heal wounds
 u - a potion of degeneration {unknown}
 C - 3 potions of brilliance


   Skills:
 - Level 10.0 Fighting
 - Level 5.0 Dodging
 + Level 16.4 Unarmed Combat
 + Level 9.6 Invocations
 - Level 10.0 Shapeshifting


You had 11 spell levels left.
You didn't know any spells.
Your spell library contained the following spells:

 Spells                   Type           Power      Damage    Failure   Level
 Apportation              Tloc           0%         N/A       34%         1
 Necrotise                Necr           0%         1d4       34%         1
 Sting                    Conj/Alch      0%         1d3       34%         1
 Summon Small Mammal      Summ           0%         N/A       34%         1
 Vampiric Draining        Necr           0%         2d6       71%         3
 Martyr's Knell           Necr/Summ      0%         N/A       98%         4
 Maxwell's Portable Pile  Tloc           0%         2d(5-10)  98%         4
 Arcjolt                  Conj/Air       0%         1d10      100%        5
 Curse of Agony           Necr           0%         N/A       100%        5
 Maxwell's Capacitive Co  Air            0%         ∞         100%        8


Dungeon Overview and Level Annotations

Branches:
Dungeon (11/15)            Temple (1/1) D:6            Lair (4/5) D:10
  Swamp (0/4) Lair:2       Spider (0/4) Lair:2
  Slime: Lair:4-5       Orc: D:9-12

Altars:
Ashenzari
Cheibriados
Dithmenos
Elyvilon
Fedhas
Gozag
Hepliaklqana
Kikubaaqudgha
Makhleb
Nemelex Xobeh
Okawaru
Qazlal
Ru
Sif Muna
Uskayaw
Vehumet
Wu Jian
Xom
Yredelemnul
Zin
The Shining One
Lugonu

Annotations:
D:10 3 runed translucent doors, runemasterragnar's ghost, journeyman CoHu
Lair:4 Rupert


Innate Abilities, Weirdness & Mutations

You are something dangerously unstable.
You glow with magical radiation, making you easy to see and hit.
Foes you strike become dangerously contaminated with magical radiation.
You are incapable of wielding weapons or throwing items.
You can breathe blasts of explosive embers.
Your fiery red scales are hard. (AC +8)
You cannot fit into any form of body armour.
Your flesh is heat resistant. (rF+)
You are cold-blooded and may be slowed by cold attacks.


Message History

Rupert shudders as magic cascades through him!
Rupert twists and deforms.
You tail-slap Rupert.
Rupert is moderately wounded.
Rupert hits you with a +3 great mace of pain!
You writhe in agony.
You hit Rupert.
Rupert begins to glow.
You tail-slap Rupert, but do no damage.
Rupert is moderately wounded.
Rupert hits you but does no damage.
You writhe in agony.
You punch Rupert!
Rupert glows dangerously bright.
Rupert is heavily wounded.
You hit Rupert.
Rupert shudders as magic cascades through him!
Rupert twists and deforms.
You tail-slap Rupert.
Rupert is severely wounded.
Rupert roars madly and goes into a rage!
Rupert goes berserk!
You closely miss Rupert.
Your tail-slap misses Rupert.
Rupert is severely wounded.
Rupert hits you with a +3 great mace of pain!!
You writhe in agony.
You hit Rupert but do no damage.
Rupert begins to glow.
Rupert is severely wounded.
Rupert completely misses you.
You hit Rupert.
Rupert glows dangerously bright.
Rupert is severely wounded.
Rupert hits you with a +3 great mace of pain!!
* * * LOW HITPOINT WARNING * * *
You writhe in agony.
* * * LOW HITPOINT WARNING * * *
You barely miss Rupert.
Rupert is severely wounded.
Rupert hits you with a +3 great mace of pain!!
* * * LOW HITPOINT WARNING * * *
You writhe in agony.
* * * LOW HITPOINT WARNING * * *
You barely miss Rupert.
Rupert is severely wounded.
Rupert hits you with a +3 great mace of pain!
You die...
Rupert roars with triumph.

#### .#.......
###.#.#+#.P(...##
#...............#
#..............#
+..........>...+
#..............#
#.......<......# .
#..............###..
####..p#####........
###@##.###.(P...(
#.##..@........
#.....#...÷♣...
##....#.(......
#.#..+##.P...^.
#...........(...
+..............#
#...........##..


You could see Rupert (berserk, heavy contam, misshapen).

Vanquished Creatures
  Harold (Lair:2)
  A hydra (Lair:2)
  2 boulder beetles
  A two-headed ogre (D:10)
  A skyshark (Lair:2)
  Amaemon (Lair:2)
  A lindwurm (Lair:2)
  A bog body (Lair:2)
  Pikel (D:7)
  A cyclops (D:10)
  A meliai (Lair:2)
  3 elephants (Lair:3)
  3 black mambas
  An orange demon (Lair:2)
  9 cane toads
  Jeremiah (D:8)
  A rime drake (Lair:1)
  4 komodo dragons
  A troll (D:10)
  7 blink frogs (Lair:2)
  Prince Ribbit (D:6)
  Sigmund (D:6)
  4 wyverns
  A wraith (D:10)
  A warg (D:10)
  15 yaks
  A basilisk (Lair:2)
  3 steam dragons
  6 water moccasins
  An acid dragon (D:10)
  Duvessa (D:6)
  3 black bears (Lair:1)
  2 orc warriors (D:10)
  2 ice beasts
  5 sky beasts
  4 centaurs
  13 wolves
  A lemure (D:7)
  A phantom (D:4)
  10 bullfrogs
  3 scorpions
  Dowan (D:6)
  3 killer bees (Lair:2)
  2 howler monkeys (D:7)
  3 hounds
  2 bombardier beetles (D:5)
  4 orc priests
  3 sleepcaps
  2 iguanas (D:7)
  7 orc wizards
  10 gnolls
  6 adders
  2 white imps
  2 ufetubi (D:6)
  A ribbon worm (D:2)
  3 dart slugs (D:1)
  27 orcs
  11 ball pythons
  4 endoplasms
  A giant cockroach (D:4)
  6 goblins
  8 hobgoblins
  11 kobolds
  3 quokkas
  6 bats
  6 frilled lizards
  6 rats
261 creatures vanquished.

Vanquished Creatures (collateral kills)
  An elephant (Lair:3)
1 creature vanquished.

Vanquished Creatures (others)
  An orc (D:6)
1 creature vanquished.

Grand Total: 263 creatures vanquished

Notes
Turn   | Place    | Note
-------+----------+-------------------------------------------
     0 | D:1      | Fractals the Draconian Shapeshifter began the quest for the
                  | Orb.
     0 | D:1      | Reached XP level 1. HP: 16/16 MP: 1/1
    60 | D:1      | Reached XP level 2. HP: 22/24 MP: 2/2
   533 | D:2      | Reached XP level 3. HP: 30/30 MP: 3/3
   931 | D:2      | Reached XP level 4. HP: 28/38 MP: 4/4
  1104 | D:2      | Found a radiant altar of Vehumet.
  1352 | D:3      | Reached XP level 5. HP: 38/46 MP: 5/5
  1505 | D:3      | Found a glowing golden altar of the Shining One.
  2014 | D:3      | Found a faded altar of an unknown god.
  2219 | D:4      | Reached XP level 6. HP: 32/53 MP: 6/6
  2332 | D:4      | Reached skill level 5 in Shapeshifting
  2671 | D:4      | Found an opulent altar of Gozag.
  2819 | D:4      | Reached skill level 5 in Fighting
  2819 | D:4      | Reached skill level 4 in Unarmed Combat
  3379 | D:5      | Entered Level 5 of the Dungeon
  3379 | D:5      | Found a snail-covered altar of Cheibriados.
  3410 | D:5      | Your scales start taking on a fiery red colour.
  3410 | D:5      | Reached XP level 7. HP: 61/61 MP: 7/7
  3410 | D:5      | Gained mutation: Your flesh is heat resistant. (rF+) [Red
                  | Draconian growth]
  3439 | D:5      | Found a broken altar of Ashenzari.
  4065 | D:5      | Found a glowing silver altar of Zin.
  4667 | D:6      | Reached XP level 8. HP: 48/71 MP: 8/8
  4758 | D:6      | Found a staircase to the Ecumenical Temple.
  4772 | D:6      | Noticed Sigmund
  4790 | D:6      | Killed Sigmund
  4948 | Temple   | Entered the Ecumenical Temple
  4966 | Temple   | Became a worshipper of Qazlal Stormbringer
  5096 | D:6      | Reached skill level 1 in Invocations
  5440 | D:6      | Noticed Duvessa
  5440 | D:6      | Noticed Dowan
  5448 | D:6      | Killed Duvessa
  5449 | D:6      | Reached skill level 5 in Unarmed Combat
  5457 | D:6      | Killed Dowan
  5717 | D:6      | Reached XP level 9. HP: 79/79 MP: 10/12
  5785 | D:6      | Noticed Prince Ribbit
  5812 | D:6      | Killed Prince Ribbit
  5813 | D:6      | Reached skill level 6 in Unarmed Combat
  5813 | D:6      | Reached skill level 5 in Invocations
  6064 | D:7      | Noticed Pikel
  6088 | D:7      | Killed Pikel
  6130 | D:7      | Found a hide-covered altar of Uskayaw.
  6136 | D:7      | Found a sacrificial altar of Ru.
  6618 | D:7      | Identified the +9 orcbow of Courage {drain, Str+2}
  6761 | D:7      | Found a hazy altar of Hepliaklqana.
  7055 | D:8      | Noticed Jeremiah
  7063 | D:8      | Killed Jeremiah
  7319 | D:8      | Found a shimmering altar of Xom.
  7320 | D:8      | Found a basalt altar of Yredelemnul.
  7377 | D:8      | Found a white marble altar of Elyvilon.
  7534 | D:8      | Identified 2 scrolls of acquirement
  7534 | D:8      | Acquired 1172 gold pieces
  7536 | D:8      | Acquired a manual of Unarmed Combat
  7689 | D:8      | Reached * piety under Qazlal
  7690 | D:8      | Reached XP level 10. HP: 88/88 MP: 14/14
  7712 | D:8      | You fall into a shaft and drop 3 floors!
  7746 | D:11     | Found a gate leading to a gauntlet.
  7797 | D:10     | Entered Level 10 of the Dungeon
  7827 | D:10     | Noticed a two-headed ogre
  7835 | D:10     | Killed a two-headed ogre
  8134 | D:10     | Found a shimmering blue altar of Sif Muna.
  8143 | D:10     | Found a runed translucent gate.
  8143 | D:10     | Found a runed translucent gate.
  8143 | D:10     | Found a runed translucent gate.
  8145 | D:10     | Noticed runemasterragnar's ghost (journeyman CoHu)
  8148 | D:10     | Noticed a green ugly thing
  8254 | D:10     | Noticed a cyclops
  8262 | D:10     | Killed a cyclops
  8263 | D:10     | Reached skill level 7 in Unarmed Combat
  8499 | D:10     | Reached skill level 8 in Unarmed Combat
  8499 | D:10     | Reached skill level 10 in Shapeshifting
  8528 | D:10     | Found a staircase to the Lair.
  8580 | D:10     | Reached skill level 9 in Unarmed Combat
  9549 | D:10     | Reached skill level 10 in Unarmed Combat
  9604 | Lair:1   | Entered Level 1 of the Lair of Beasts
  9624 | Lair:1   | Noticed a black mamba
  9635 | Lair:1   | Killed a black mamba
  9636 | Lair:1   | Reached XP level 11. HP: 78/97 MP: 16/16
  9825 | Lair:1   | Reached ** piety under Qazlal
 10029 | Lair:1   | Reached skill level 11 in Unarmed Combat
 10057 | Lair:1   | Reached skill level 10 in Fighting
 10350 | Lair:1   | Reached skill level 12 in Unarmed Combat
 10362 | Lair:1   | Noticed a boulder beetle
 10388 | Lair:1   | Killed a boulder beetle
 10740 | Lair:1   | Reached skill level 13 in Unarmed Combat
 11591 | Lair:2   | Noticed a lindwurm
 11595 | Lair:2   | Noticed Amaemon
 11606 | Lair:2   | Killed a lindwurm
 11607 | Lair:2   | Reached skill level 5 in Dodging
 11607 | Lair:2   | Reached skill level 14 in Unarmed Combat
 11660 | Lair:2   | Killed Amaemon
 11858 | Lair:2   | Reached XP level 12. HP: 104/106 MP: 17/17
 11871 | Lair:2   | Noticed a six-headed hydra
 11880 | Lair:2   | Killed a six-headed hydra
 11881 | Lair:2   | Reached skill level 15 in Unarmed Combat
 11885 | Lair:2   | Reached *** piety under Qazlal
 12126 | Lair:2   | Found a hole to the Spider Nest.
 12506 | Lair:2   | Found a staircase to the Swamp.
 12664 | Lair:2   | Noticed Harold
 12672 | Lair:2   | Killed Harold
 13345 | Lair:3   | Reached skill level 16 in Unarmed Combat
 13865 | Lair:3   | Noticed a boulder beetle
 13876 | Lair:3   | Killed a boulder beetle
 14136 | Lair:4   | Noticed Rupert
 14160 | Lair:4   | HP: 1/106 [Rupert/+3 great mace of pain (5)]
 14161 | Lair:4   | Mangled by Rupert

Illustrated notes

Levels and vault maps discovered:
D:1:      spicycebolla_green_bress_n_ham_2, layout_rooms,
          chequers_serial_rivers_small_b
D:2:      layout_basic, basic_altar, lexackson_kobold_supper
D:3:      layout_loops_ring, tso_metal_star, basic_ecumenical_altar
D:4:      layout_loops_ring, nicolae_gozag_seed_capital, skrybe_limestone_x,
          minmay_misc_feat_hallway
D:5:      layout_loops_ring, kennysheep_mini_moat, amcnicky_altar_gilded,
          ashenzari_conservatory_becter
D:6:      kennysheep_steamy, layout_loops_corners,
          minmay_temple_entry_overgrown, kennysheep_pointless_box, uniq_duvessa,
          uniq_sigmund, uniq_prince_ribbit1
D:7:      layout_loops_ring, nicolae_hepliaklqana_hazy_memory,
          mainiacjoe_overflow_catwalk_spiral, chequers_ossuary_entry_cave,
          minmay_misc_feat_tower, serial_bayou_crossing, uniq_pikel
D:8:      layout_loops_ring, mainiacjoe_overflow_brackets,
          lemuel_coloured_pillars_altar, mainiacjoe_overflow_divided_tiny,
          uniq_jeremiah
D:10:     layout_grid_maze, mainiacjoe_overflow_six_doors_small,
          erik_lair_orcish_takeover, gammafunk_ghost_split, corner_web_ring
D:11:     layout_stronghold, gauntlet_entry_generic, lemuel_nasty_fountain
Temple:   corrupted_temple
Lair:1:   layout_cave_pods, grunt_megastairs_4
Lair:2:   layout_regular_city, skrybe_swamp_entry_bodies,
          hellmonk_spider_entry_not_the_bees, uniq_harold, uniq_amaemon
Lair:3:   layout_chaotic_city, infiniplex_staircase_pool
Lair:4:   layout_roguey, nicolae_slime_entry_slimehenge, lemuel_fruit_fields,
          lemuel_fruit_tree, uniq_rupert

Skill      XL: |  1  2  3  4  5  6  7  8  9 10 11 12 |
---------------+-------------------------------------+-----
Fighting       | 2 3 4 5 6 7 8 9 10 | 10.0
Shapeshifting  | 4 5 6 7 9 10 | 10.0
Unarmed Combat | 4 5 6 10 14 16 | 16.4
Invocations    | 4 6 7 9 |  9.6
Dodging        | 3 5 |  5.0

Action                     |  1- 3 |  4- 6 |  7- 9 | 10-12 || total
---------------------------+-------+-------+-------+-------++-------
  Melee: Unarmed           |   109 |   260 |   293 |   501 ||  1163
         Tailslap          |     9 |    26 |    49 |   107 ||   191
         Punch             |     2 |     5 |     4 |       ||    11
  Throw: Throwing net      |       |     1 |       |       ||     1
 Invoke: Elemental Force   |       |       |       |     1 ||     1
Ability: Combustion Breath |       |       |     2 |     1 ||     3
  Evoke: Wand              |       |       |       |     1 ||     1
    Use: Scroll            |     2 |     1 |    10 |     7 ||    20
         Potion            |       |       |       |     1 ||     1
 Armour: Skin              |    74 |   119 |   121 |   288 ||   602
  Dodge: Dodged            |    85 |   180 |   226 |   369 ||   860
  Block: Other             |       |       |       |    48 ||    48
         Form:             |     2 |       |       |       ||     2
         Beast             |     1 |     1 |       |       ||     2
         Flux              |       |       |     1 |       ||     1

Table legend: (Time is in decaauts)
 A = Elapsed time spent in this place.
 B = Non-inter-level travel time spent in this place.
 C = Inter-level travel time spent in this place.
 D = Time resting spent in this place.
 E = Time spent auto-exploring this place.
 F = Levels seen in this place.
 G = Mean time per level.
                   A        B        C        D        E       F      G
               +--------+--------+--------+--------+--------+-----+--------+
         Total |  14033 |  13544 |    489 |   2665 |   8403 |  15 |  935.5 |
       Dungeon |   9525 |   9151 |    374 |   1277 |   6060 |  10 |  952.5 |
        Temple |     36 |      3 |     33 |      0 |      0 |   1 |   36.0 |
          Lair |   4472 |   4390 |     82 |   1388 |   2343 |   4 | 1118.0 |
               +--------+--------+--------+--------+--------+-----+--------+

Top non-repeatable levels by time:
  Lair:2: 2011 daAuts
    D:10: 1785 daAuts
     D:6: 1563 daAuts
  Lair:1: 1396 daAuts
     D:4: 1194 daAuts
     D:7: 1035 daAuts
     D:5: 1018 daAuts
  Lair:3: 1003 daAuts
     D:3: 854 daAuts
     D:2: 791 daAuts
     D:8: 667 daAuts
     D:1: 526 daAuts
    D:11: 88 daAuts
  Lair:4: 61 daAuts
  Temple: 36 daAuts
